 Dungeon Crawl Stone Soup version 0.31.0-12-g77e489cdc1 (webtiles) character file.

Game seed: 7680836290759852915

60 Tovical the Conjurer (level 4, -2/27 HPs)
             Began as a Tengu Reaver on Mar 3, 2024.
             Slain by a gnoll
             ... wielding a +0 club
              (6 damage)
             ... on level 2 of the Dungeon.
             The game lasted 00:03:22 (859 turns).

Tovical the Conjurer (Tengu Reaver)                  Turns: 859, Time: 00:03:22

Health: -2/27      AC:  3    Str: 14    XL:     4   Next: 6%
Magic:  8/8        EV: 12    Int: 14    God:
Gold:   41         SH:  0    Dex: 12    Spells: 6/7 levels left

rFire   . . .        a - +0 falchion
rCold   . . .        (no shield)
rNeg    . . .        b - +0 leather armour
rPois   .            (helmet restricted)
rElec   .            (no cloak)
rCorr   .            (no gloves)
SInv    .            (boots unavailable)
Will    +....        h - amulet of regeneration
Stlth   +            (no ring)
HPRegen 1.04/turn    (no ring)
MPRegen 0.11/turn

%: acrobat
@: lethally poisoned (-2 -> -2), enlightened, flying
A: beak, talons 3, acrobatic
a: no special abilities


You were on level 2 of the Dungeon.
You visited 1 branch of the dungeon, and saw 2 of its levels.

You collected 41 gold pieces.

Inventory:

Hand Weapons
 a - a +0 falchion (weapon)
Missiles
 d - 4 javelins (quivered)
Armour
 b - a +0 leather armour (worn)
Jewellery
 h - an amulet of regeneration (around neck)
Scrolls
 c - a scroll of brand weapon {unknown}
 g - a scroll of revelation {unknown}
Potions
 f - a potion of curing {unknown}


   Skills:
 + Level 2.9 Fighting
 + Level 4.0 Long Blades
 + Level 3.2 Dodging
 - Level 2.0 Spellcasting
 - Level 4.0 Conjurations


You had 6 spell levels left.
You knew the following spells:

 Your Spells              Type           Power      Damage    Failure   Level
a - Kiss of Death         Conj/Necr      28%        2d7       13%         1

Your spell library contained the following spells:

 Spells                   Type           Power      Damage    Failure   Level
 Momentum Strike          Conj/Tloc      14%        3d8       21%         2
 Hailstorm                Conj/Ice       7%         3d5       36%         3
 Sublimation of Blood     Necr           1%         N/A       41%         2
 Petrify                  Alch/Erth      1%         N/A       96%         4
 Irradiate                Conj/Alch      3%         3d12      98%         5


Dungeon Overview and Level Annotations

Branches:
Dungeon (2/15)

Altars:


Innate Abilities, Weirdness & Mutations

You have a beak for a mouth.
You have claws for feet.
You can magically evade attacks while moving or waiting.


Message History

The endoplasm attacks as it pursues you!
The endoplasm completely misses you.
You see here a +0 dagger.
The endoplasm attacks as it pursues you!
The endoplasm misses you.
You hit the endoplasm.
The endoplasm is severely wounded.
The endoplasm barely misses you.
You hit the endoplasm but do no damage. You claw the endoplasm.
You kill the endoplasm!
A gnoll comes into view. It is wielding a +0 spear.
You see here a +0 dagger.
You hit the gnoll. You peck the gnoll.
The gnoll is moderately wounded.
You hit the gnoll.
The gnoll is moderately wounded.
You slash the gnoll! You claw the gnoll.
You kill the gnoll!
The adder bites you but does no damage.
You closely miss the adder. The adder bites you.
You are poisoned.
The adder poisons you!
You miss the adder.
You feel sick.
The gnoll shouts!
The adder bites you. x2
You hit the adder. Your kick misses the adder.
The adder is lightly wounded.
You feel sick. The adder bites you.
You slash the adder! You claw the adder.
You kill the adder!
You feel sick. The gnoll misses you.
The gnoll hits you from afar with a +0 spear!
* * * LOW HITPOINT WARNING * * *
Your Long Blades skill increases to level 4!
You have reached level 4!
You feel clever.
It was a potion of enlightenment.
You feel very buoyant.
You fly up into the air.
You feel sick. The gnoll hits you with a +0 club.
You die...

..#......$..# ##.
..S.....#...# ..$
....##g.....# ...
S #..##.#...# ...
#........## ##
...
####......###....
. #..##g........
#.####g#####..
#..# #@## ...#
##..#### ....
#....).#
....####......#
...........#
####..<...#
#......# #......#
########


You could see 2 gnolls.

Vanquished Creatures
  A gnoll (D:2)
  2 adders
  2 ball pythons (D:1)
  7 endoplasms
  A giant cockroach (D:1)
  A goblin (D:2)
  A hobgoblin (D:2)
  2 jackals (D:1)
  A kobold (D:2)
  A quokka (D:1)
  13 frilled lizards (D:1)
  A rat (D:1)
33 creatures vanquished.

Notes
Turn   | Place    | Note
-------+----------+-------------------------------------------
     0 | D:1      | Tovical the Tengu Reaver began the quest for the Orb.
     0 | D:1      | Reached XP level 1. HP: 12/12 MP: 4/4
    70 | D:1      | Reached XP level 2. HP: 17/17 MP: 6/6
    80 | D:1      | Found a faded altar of an unknown god.
   267 | D:1      | Reached XP level 3. HP: 22/22 MP: 7/7
   859 | D:2      | Reached XP level 4. HP: 4/27 MP: 8/8
   859 | D:2      | Slain by a gnoll

Illustrated notes

Levels and vault maps discovered:
D:1:      lightli_arrival_chessboard, layout_basic,
          hellmonk_ecumenical_altar_dog_temple, minmay_lizard_king
D:2:      layout_rooms, minmay_cut_off, uniq_crazy_yiuf_cottage

Skill      XL: |  1  2  3 |
---------------+----------+-----
Dodging        | 3 |  3.2
Long Blades    | 4 |  4.0
Fighting       | |  2.9
Spellcasting   | |  2.0
Conjurations   | |  4.0

Action                     |  1- 3 |  4- 6 || total
---------------------------+-------+-------++-------
  Melee: Falchion          |    70 |       ||    70
         Kick              |    13 |       ||    13
         Peck              |     5 |       ||     5
    Use: Potion            |       |     1 ||     1
 Armour: Leather armour    |    23 |     1 ||    24
  Dodge: Dodged            |    42 |       ||    42
